 Dungeon Crawl Stone Soup version 0.21.1-1-g345015f (webtiles) character file.

831518 ponchio the Bringer of Light (level 27, -45/139 HPs)
             Began as a Gargoyle Fighter on Feb 9, 2018.
             Was the Champion of the Shining One.
             Killed from afar by Cerebov (46 damage)
             ... with a great blast of fire
             ... in Pandemonium on Feb 11, 2018.
             The game lasted 12:41:51 (108708 turns).

ponchio the Bringer of Light (Gargoyle Fighter)   Turns: 108708, Time: 12:41:51

Health: -45/139    AC: 39    Str: 10 (13) XL:     27
Magic:  5/19       EV: 33    Int: -3 (5)  God:    the Shining One [******]
Gold:   8929       SH: 27    Dex: 21 (22) Spells: 26/26 levels left

rFire    + + .     SeeInvis .   m - +9 sacred scourge (holy)
rCold    + + +     Gourm    .   b - +5 shield "Exeuch" {rF+ rCorr}
rNeg     + + +     Faith    .   x - +2 robe "Coute" {rElec rF+++ Str-5 Int-5}
rPois    ∞         Spirit   .   K - -2 helmet "Qurel" {*Drain rC+++ MP-9 Dex+4}
rElec    +         Reflect  +   S - +1 cloak "Uzxoygeb" {+Inv rPois Int+3}
rCorr    +         Harm     .   y - +2 pair of gloves
MR       +++..     Rnd*Rage +   H - +2 pair of boots {Stlth+} Stlth +.........Rnd*Tele +
                                J - brooch of Shielding {Reflect SH+8}
HPRegen  0.00/turn              L - ring "Tabbibb" {AC+4 Dex+4}
MPRegen  0.16/turn              C - ring of protection from magic

@: resistant, fire vulnerable, berserk cooldown, flying, hasted and slowed, lost
intelligence, glowing
A: big wings, berserk 3, blurry vision 3, clumsy 2, deformed body, deterioration
2, dopey 2, frail 3, low mp 3, negative energy resistance 1, screaming 3,
electricity resistance, inhibited regeneration, teleportitis 3, weak 2,
unbreathing, petrification resistance, no potion heal 3, rot immunity, subdued
magic 3, MP-powered wands, AC +20
}: 6/15 runes: decaying, serpentine, demonic, glowing, magical, dark
a: Stop Flying, Divine Shield, Cleansing Flame, Summon Divine Warrior, Renounce
Religion, Evoke Invisibility


You were in Pandemonium.
You worshipped the Shining One.
The Shining One was exalted by your worship.
You were very hungry.

You visited 12 branches of the dungeon, and saw 50 of its levels.
You visited Pandemonium 1 time, and saw 16 of its levels.
You also visited: Labyrinth, Ossuary, Bailey, Ice Cave and Desolation.

You collected 9905 gold pieces.
You spent 976 gold pieces at shops.

Inventory:

Hand Weapons
 m - a +9 sacred scourge of holy wrath (weapon)
 I - a +2 flail of protection
Armour
 a - the +3 leather armour "Ruski" {MR++}
   (You found it on level 1 of the Lair of Beasts)

   It affects your resistance to hostile enchantments.
 b - the +5 shield "Exeuch" (worn) {rF+ rCorr}
   (You found it on level 4 of the Dungeon)

   It protects you from fire.
   It protects you from acid and corrosion.
 t - the +4 leather armour "Ezxi" {Dex+4}
   (You found it in Pandemonium)

   It affects your dexterity (+4).
 x - the +2 robe "Coute" (worn) {rElec rF+++ Str-5 Int-5}
   (You took it off a vampire knight on level 2 of the Depths)

   It affects your strength (-5).
   It affects your intelligence (-5).
   It renders you almost immune to fire.
   It insulates you from electricity.
 y - a +2 pair of gloves (worn)
 H - a +2 pair of boots of stealth (worn)
 K - the -2 helmet "Qurel" (worn) {*Drain rC+++ MP-9 Dex+4}
   (You found it on level 2 of the Depths)

   It affects your dexterity (+4).
   It renders you almost immune to cold.
   It affects your magic capacity (-9).
   It causes draining when unequipped.
 N - a scarf of resistance
 S - the +1 cloak "Uzxoygeb" (worn) {+Inv rPois Int+3}
   (You found it on level 3 of the Snake Pit)

   It affects your intelligence (+3).
   It protects you from poison.
   It lets you turn invisible.
 T - the +2 scale mail "Baaseher" {rElec rC- Dex+3 Slay+2}
   (You found it in Pandemonium)

   It affects your dexterity (+3).
   It affects your accuracy and damage with ranged weapons and melee attacks
   (+2).
   It makes you vulnerable to cold.
   It insulates you from electricity.
 V - the +0 cloak of Coronation {Dex+4}
   (You bought it in a shop on level 15 of the Dungeon)

   It affects your dexterity (+4).
Jewellery
 q - a +4 ring of slaying
 C - a ring of protection from magic (right hand)
 E - a +4 ring of evasion
 J - the brooch of Shielding (around neck) {Reflect SH+8}
   (You found it in the Desolation of Salt)

   [amulet of reflection]

   It shields you and reflects attacks.
   It affects your SH (+8).
 L - the ring "Tabbibb" (left hand) {AC+4 Dex+4}
   (You found it in a labyrinth)

   [ring of protection]

   It affects your AC (+4).
   It affects your dexterity (+4).
 M - an uncursed ring of protection from fire
Wands
 c - a wand of digging (124)
 h - a wand of flame (23)
 F - a wand of paralysis (26)
 R - a wand of iceblast (13)
 U - a wand of disintegration (8)
Scrolls
 e - 6 scrolls of fear
 i - 28 scrolls of remove curse
 l - 36 scrolls of teleportation
 r - 10 scrolls of magic mapping
 u - 6 scrolls of blinking
 w - 2 scrolls of amnesia
 B - 9 scrolls of fog
 O - 22 scrolls of identify
Potions
 d - 8 potions of might
 g - 5 potions of magic
 j - 5 potions of resistance
 k - 20 potions of curing
 o - 7 potions of lignification
 p - a potion of brilliance
 z - 6 potions of cancellation
 A - 3 potions of ambrosia
 D - 2 potions of heal wounds
 P - a potion of agility
Books
 n - a book of Spatial Translocations

   Spells                             Type                      Level
   a - Blink                          Translocation                2
   b - Shroud of Golubria             Charms/Translocation         2
   c - Lesser Beckoning               Translocation                3
   d - Gell's Gravitas                Translocation                3
   e - Teleport Other                 Translocation                3
   f - Passage of Golubria            Translocation                4
 v - a Grand Grimoire

   Spells                             Type                      Level
   a - Monstrous Menagerie            Summoning                    7
   b - Summon Greater Demon           Summoning                    7
   c - Malign Gateway                 Summoning/Translocation      7
   d - Summon Horrible Things         Summoning                    8
 Q - a Necronomicon

   Spells                             Type                      Level
   a - Haunt                          Necromancy/Summoning         7
   b - Borgnjor's Revivification      Necromancy                   8
   c - Death's Door                   Charms/Necromancy            8
   d - Infestation                    Necromancy                   8
   e - Necromutation                  Transmutation/Necromancy     8
   The Shining One disapproves of the use of such an item.
Miscellaneous
 G - a phantom mirror
 Z - a lamp of fire
Comestibles
 f - 51 rations


   Skills:
 O Level 27 Fighting
 - Level 22.5 Maces & Flails
 + Level 17.4 Armour
 - Level 23.3 Dodging
 - Level 16.0 Shields
 O Level 27 Invocations


You had 26 spell levels left.
You didn't know any spells.

Dungeon Overview and Level Annotations

Branches:
Dungeon (15/15)            Temple (1/1) D:6            Lair (6/6) D:10
  Swamp (4/4) Lair:2        Snake (4/4) Lair:4        Slime (0/5) Lair:5
    Orc (2/2) D:10            Elf (3/3) Orc:2        Vaults (5/5) D:13
  Crypt (3/3) Vaults:2       Tomb (1/3) Crypt:3      Depths (5/5) D:15
   Hell (1/1)                 Dis (0/7) Hell            Geh (0/7) Hell
    Coc (0/7) Hell            Tar (0/7) Hell            Zot (0/5) Depths:5

Altars:
Ashenzari
Cheibriados
Dithmenos
Elyvilon
Fedhas
Gozag
Hepliaklqana
Kikubaaqudgha
Makhleb
Nemelex Xobeh
Okawaru
Qazlal
Ru
Sif Muna
Trog
Uskayaw
Vehumet
Wu Jian
Xom
Yredelemnul
Zin
The Shining One
Jiyva
Lugonu

Shops:
D:11 %   D:13 =   D:15 [   Orc:2 *?%*   Snake:2 ((   Vaults:1 }   Vaults:3 (
Vaults:4 [   Depths:2 *[!%   Depths:3 [   Depths:4 !?=*

Portals:
Hell: Depths:1 Depths:2 Depths:3 Depths:4 Depths:5
Abyss: Depths:2 Depths:4
Pandemonium: Depths:3 Depths:5
Ziggurat: Depths:4
Trove: Depths:1 (show slimy rune of Zot)

Annotations:
Pan Cerebov


Innate Abilities, Weirdness & Mutations

You are resistant to torment.
Your stone body is resilient. (AC +20)
You are immune to poison.
Your large and strong wings let you fly indefinitely.
You resist negative energy. (rN+)
You are resistant to electric shocks. (rElec)
You can survive without breathing.
You are immune to petrification.
You are immune to rotting.
You have an uncontrollable temper.
Scrolls take you much longer to read.
You are very clumsy. (Dex -4)
Armour fits poorly on your strangely shaped body.
Your body often deteriorates upon taking damage.
You are very dopey. (Int -4)
You are extremely frail. (-30% HP)
Your magical capacity is extremely low. (-30% MP)
You frequently scream uncontrollably at your foes.
You do not regenerate when monsters are visible.
You are often teleported next to monsters.
You are very weak. (Str -4)
Potions cannot restore your health.
Your spells are much easier to cast, but much less powerful.
You expend magic power (3 MP) to strengthen your wands.


Message History

* * * LOW HITPOINT WARNING * * *
Your body deteriorates!
You feel dopey.
The great blast of fire engulfs Cerebov.
Cerebov partially resists.
The great blast of fire engulfs your angel.
Your angel dies!
The balrug gestures at you. Something smites you!
* * * LOW HITPOINT WARNING * * *
You scream at the fire vortex! 2 fire vortices come into view.
Unknown command.
Unknown command.
Unknown command.
You are engulfed in blazing flames.
You resist.
You are engulfed in blazing flames.
You resist. Cerebov gestures at you.
A raging storm of fire appears!
The great blast of fire engulfs you! You partially resist.
You die...

.....#.#.# .###....≈≈#≈≈.
..........##..##....≈≈≈≈≈.
...........##.##.....≈≈≈..
....≈≈≈.......##..........
....≈≈≈≈....#.##.......)..
.....≈≈v≈.....##########..
....$§§§§§..#.############
...2.§§§§§..........#≈≈###
#....§&§§@≈...#.#.#.#....#
#....§§§§§≈....)....'.....
.....§§§v§≈≈....))..'.....
#......≈≈≈≈.........'.....
#......≈≈≈≈...#.#.#.#....#
......≈≈≈≈..........#≈≈###
.....≈≈≈≈...#.##########
.....≈≈≈≈.....#
.≈≈≈≈....#.##.....[....


You could see Cerebov, a balrug and 2 fire vortices.

Vanquished Creatures
  Gloorx Vloq (Pan)
  9 pandemonium lords (Pan)
  Lom Lobon (Pan)
  Mnoleg (Pan)
  An ancient lich (Depths:5)
  2 juggernauts (Depths:4)
  Sojobo (Vaults:3)
  Vashnia (Snake:2)
  A caustic shrike (Depths:4)
  Saint Roka (Vaults:2)
  Geryon (Hell)
  2 golden dragons (Depths:4)
  Nikola (Swamp:1)
  Jory (Vaults:4)
  A bone dragon (Depths:4)
  Jorgrun (Swamp:3)
  4 Tzitzimimeh (Pan)
  2 Ice Fiends (Pan)
  5 Brimstone Fiends (Pan)
  5 liches
  Rupert (D:12)
  3 tentacled monstrosities
  A Hell Sentinel (Pan)
  7 titans
  26 Executioners (Pan)
  5 deep elf blademasters
  Murray (Hell)
  A quicksilver dragon (Vaults:5)
  Gastronok (Orc:1)
  3 ancient champions
  A deep elf master archer (Elf:3)
  9 sphinxes
  Frances (D:13)
  7 warmongers (Pan)
  2 shadow dragons
  2 thorn hunters (Swamp:3)
  6 tengu reavers
  Donald (Snake:1)
  4 storm dragons
  Kirke (D:13)
  5 revenants (Crypt:3)
  15 nagarajas
  9 fire giants
  12 blood saints (Pan)
  2 orc warlords (Depths:2)
  2 draconian scorchers
  A caustic shrike zombie (Hell)
  32 cacodemons (Pan)
  3 deep elf sorcerers
  A draconian annihilator (Depths:4)
  An iron dragon (Depths:4)
  24 balrugs
  2 curse skulls (Pan)
  7 frost giants
  12 vault wardens
  A juggernaut zombie (Hell)
  15 ironheart preservers
  An angel (Pan)
  A spriggan defender (Depths:3)
  An emperor scorpion (shapeshifter) (Vaults:2)
  2 ghouls
  6 deep elf elementalists
  23 reapers
  32 very ugly things
  3 war gargoyles
  An entropy weaver (Vaults:3)
  9 corrupters (Pan)
  22 stone giants
  6 deep elf demonologists
  A green draconian (Depths:5)
  A black draconian (Depths:5)
  2 vampire knights
  11 black suns (Pan)
  The ghost of Zorot the Fighter, a journeyman FoFi of Okawaru (Lair:3)
  13 deep elf annihilators
  Azrael (D:13)
  A white draconian (Depths:4)
  9 spark wasps
  8 lorocyprocas (Pan)
  2 red draconians (Depths:5)
  2 purple draconians
  10 eidola
  Snorg (D:12)
  14 deep elf death magi
  26 ettins
  21 green deaths (Pan)
  2 spectral quicksilver dragons (Crypt:3)
  A minotaur (Lab)
  34 blizzard demons (Pan)
  65 large abominations
  7 deep elf high priests
  9 great orbs of eyes
  A great orb of eyes (shapeshifter) (Vaults:4)
  5 mummy priests (Tomb:1)
  Josephine (D:10)
  A spectral golden dragon (Crypt:3)
  5 jiangshi
  11 fire dragons
  A servant of whispers (Desolation)
  A quicksilver dragon zombie (Crypt:3)
  2 juggernaut simulacra (Pan)
  28 hydras
  9 rakshasas
  Erolcha (Orc:2)
  14 naga warriors
  5 hell beasts (Pan)
  17 ice dragons
  10 monstrous demonspawn (Pan)
  9 yaktaur captains
  13 anacondas
  A peacekeeper (Desolation)
  2 quicksilver dragon skeletons
  37 vault guards
  8 ghost crabs
  2 spectral shadow dragons (Crypt:3)
  Harold (Lair:3)
  4 spriggan air magi
  5 death knights
  4 tengu warriors
  A catoblepas (D:14)
  2 death yaks (Depths:3)
  25 dancing weapons
  14 centaur warriors
  50 two-headed ogres
  8 alligators
  A spectral stone giant (Crypt:3)
  A two-headed ogre (shapeshifter) (Depths:4)
  22 death scarabs (Tomb:1)
  3 spectral storm dragons (Crypt:3)
  A spectral fire giant (Crypt:3)
  A titan zombie (Crypt:3)
  7 hell hogs
  20 ogre magi
  4 deep troll earth magi
  10 deep troll shamans
  7 shock serpents
  Urug (D:12)
  22 naga sharpshooters
  10 vampire magi
  4 spriggan berserkers
  A small abomination (Elf:3)
  14 deep elf knights
  A titan skeleton (Tomb:1)
  A spectral dire elephant (Crypt:3)
  51 soul eaters
  42 sun demons
  Nergalle (D:12)
  40 sixfirhies (Pan)
  13 hell knights
  7 salamander mystics
  10 shadow demons
  A golden dragon zombie (Crypt:3)
  13 shadow wraiths
  24 skeletal warriors
  A storm dragon skeleton (Tomb:1)
  A spectral iron dragon (Crypt:3)
  9 swamp dragons
  7 iron trolls
  6 spriggan druids
  6 unseen horrors
  11 gelid demonspawn (Pan)
  A sea snake (Snake:2)
  A spark wasp zombie (Hell)
  4 glowing orange brains
  A shambling mangrove (Swamp:4)
  8 wizards
  12 infernal demonspawn (Pan)
  15 torturous demonspawn (Pan)
  35 deep trolls
  3 lindwurms (Swamp:4)
  15 naga ritualists
  An anaconda skeleton (Hell)
  12 deep elf archers
  17 ironbrand convokers
  A swamp dragon (shapeshifter) (Vaults:4)
  10 necromancers
  A tengu zombie (Hell)
  50 ugly things
  An iron dragon zombie (Hell)
  9 harpies
  A spectral hydra (Crypt:3)
  14 phantasmal warriors
  8 flayed ghosts
  A stone giant zombie (Hell)
  2 fire giant zombies
  15 orc knights
  65 deep elf magi
  A faun (shapeshifter) (Vaults:1)
  5 orc sorcerers
  2 spectral fire dragons (Crypt:3)
  15 salamanders
  6 mana vipers
  A tengu skeleton (Depths:2)
  3 wolf spiders
  A frost giant zombie (Tomb:1)
  A spectral ice dragon (Crypt:3)
  A wolf spider (shapeshifter) (Depths:4)
  15 cyclopes
  3 iron dragon skeletons
  A cyclops (shapeshifter) (Depths:3)
  2 spectral ettins (Crypt:3)
  A shock serpent zombie (Crypt:3)
  2 spriggan zombies
  14 guardian serpents
  A fire giant skeleton (Pan)
  11 elephants
  Joseph (D:11)
  6 ice statues
  2 stone giant skeletons (Pan)
  16 vault sentinels
  A frost giant skeleton (Tomb:1)
  23 naga magi
  7 rust devils
  2 apocalypse crabs (Swamp:1)
  27 black mambas
  68 smoke demons
  A titan simulacrum (Crypt:3)
  2 torpor snails
  A gargoyle (D:12)
  2 dire elephant skeletons
  An efreet (Pan)
  3 rime drakes
  A white draconian zombie (Crypt:3)
  18 spiny frogs
  3 yaktaur zombies
  45 orange demons
  13 hellions
  A yaktaur (shapeshifter) (Depths:1)
  4 kobold demonologists
  27 demonic crawlers (Pan)
  2 rime drakes (shapeshifter) (Vaults:4)
  30 freezing wraiths
  7 komodo dragons
  10 tormentors (Pan)
  An anaconda simulacrum (Crypt:3)
  46 yaktaurs
  5 ice devils (Pan)
  An emperor scorpion zombie (Crypt:2)
  A death yak skeleton (Crypt:1)
  A queen bee (shapeshifter) (Vaults:2)
  3 hydra zombies
  A pale draconian skeleton (Crypt:2)
  32 hellwings (Pan)
  8 tengu conjurers
  5 guardian mummies (Tomb:1)
  2 meliai (shapeshifter)
  10 trolls
  A grey draconian skeleton (Crypt:2)
  31 red devils
  12 polar bears
  2 wolf spider simulacra
  12 hornets
  An iron troll skeleton (Crypt:3)
  A raiju (shapeshifter) (Depths:5)
  A moth of wrath zombie (Crypt:2)
  16 slime creatures
  Prince Ribbit (D:7)
  A minotaur skeleton (Lab)
  A spectral swamp dragon (Crypt:3)
  13 blink frogs
  A slime creature (shapeshifter) (Vaults:5)
  A harpy skeleton (Crypt:3)
  4 bog bodies
  6 saltlings
  3 raiju (Lair:6)
  A fire dragon zombie (Hell)
  15 hippogriffs
  3 tyrant leeches
  3 hydra skeletons
  A jumping spider zombie (Crypt:2)
  2 spectral black mambas (Crypt:3)
  9 flying skulls
  2 frost giant simulacra
  7 air elementals
  2 ettin zombies
  An ettin skeleton (Vaults:4)
  55 ynoxinuls (Pan)
  5 shadows
  An alligator zombie (Hell)
  16 water elementals
  15 wraiths
  Sigmund (D:4)
  8 spriggans
  A tarantella (shapeshifter) (Vaults:2)
  2 fire dragon skeletons (Pan)
  2 redbacks (Vaults:3)
  5 ushabtiu (Tomb:1)
  A black mamba skeleton (Hell)
  56 yaks
  4 vampires
  4 wyverns
  Eustachio (D:5)
  3 basilisks (Lair:5)
  18 humans
  3 steam dragons
  A hungry ghost (Lab)
  A death yak simulacrum (IceCv)
  4 golden eyes (Pan)
  15 fire elementals
  A golden eye (shapeshifter) (Vaults:2)
  39 neqoxecs (Pan)
  11 insubstantial wisps
  17 vampire mosquitoes
  15 wargs
  A swamp worm (shapeshifter) (Vaults:1)
  5 acid dragons
  A gelid demonspawn zombie (Crypt:2)
  44 chaos spawn (Pan)
  57 nagas
  A faun zombie (Crypt:1)
  24 swamp worms
  19 hell hounds
  A soldier ant (D:11)
  A spectral spiny frog (Crypt:3)
  13 water moccasins
  2 hydra simulacra
  Duvessa (D:6)
  2 floating eyes
  13 swamp drakes
  8 porcupines
  2 ice dragon simulacra (Crypt:3)
  35 orc warriors
  11 ice beasts
  3 sky beasts
  13 black bears
  A snapping turtle zombie (Crypt:2)
  2 eyes of draining
  2 necrophages
  3 phantoms
  A swamp dragon zombie (Crypt:1)
  2 spiny frog skeletons (Hell)
  An alligator simulacrum (Hell)
  61 ogres
  12 boggarts
  19 centaurs
  24 wolves
  A torpor snail zombie (Crypt:3)
  11 crocodiles
  4 big kobolds
  A spectral human (Crypt:3)
  An octopode zombie (Crypt:1)
  3 earth elementals (Elf:3)
  A yaktaur skeleton (Crypt:1)
  11 bullfrogs
  9 gnoll sergeants
  A deep troll simulacrum (Vaults:4)
  2 elf simulacra (Vaults:1)
  2 spiny frog simulacra
  A water moccasin zombie (Ossuary)
  A glowing shapeshifter simulacrum (Depths:2)
  5 scorpions
  A water moccasin skeleton (Crypt:3)
  A polar bear zombie (Crypt:1)
  Dowan (D:6)
  A spectral naga (Crypt:3)
  A shapeshifter zombie (Crypt:1)
  An elephant simulacrum (IceCv)
  6 killer bees (D:12)
  A spriggan skeleton (Crypt:3)
  9 wights
  A howler monkey (D:6)
  2 electric eels (Snake:2)
  13 crimson imps
  6 centaur zombies
  A lava snake (D:15)
  2 bullfrog zombies
  2 draconian simulacra (IceCv)
  9 hounds
  A quasit (D:8)
  A demonspawn zombie (Crypt:2)
  8 jellies
  33 orc priests
  2 bullfrog skeletons
  Crazy Yiuf (D:5)
  3 centaur skeletons
  7 gnoll shamans
  4 iguanas
  Jessica (D:3)
  Ijyb (D:5)
  4 hell rats (Hell)
  33 orc wizards
  A human skeleton (Crypt:3)
  A polar bear simulacrum (IceCv)
  4 troll simulacra (IceCv)
  6 worker ants
  7 spriggan simulacra (IceCv)
  A bullfrog simulacrum (D:13)
  A centaur simulacrum (IceCv)
  5 big kobold zombies
  2 spectral hounds (Depths:2)
  A big kobold skeleton (Crypt:2)
  2 hound zombies
  15 mummies
  A howler monkey skeleton (D:4)
  Robin (D:4)
  26 gnolls
  12 adders
  5 naga simulacra (IceCv)
  An ogre simulacrum (IceCv)
  A swamp drake skeleton (Crypt:3)
  A shadow imp (D:7)
  12 white imps (IceCv)
  2 oozes
  5 adder zombies (Ossuary)
  A lava snake zombie (Crypt:3)
  4 worms
  3 ball lightnings (Pan)
  2 dart slugs (D:1)
  2 leopard geckos (D:7)
  94 orcs
  10 ball pythons
  9 bats
  2 giant cockroaches
  3 gnoll zombies (Ossuary)
  14 goblins
  12 hobgoblins
  A jackal (D:3)
  A quokka (D:8)
  6 frilled lizards
  A frilled lizard zombie (Crypt:1)
  A goblin zombie (Crypt:1)
  A hobgoblin skeleton (Crypt:3)
  2 hobgoblin zombies (Ossuary)
  A jackal zombie (D:8)
  16 kobolds
  3 kobold zombies (Ossuary)
  A leopard gecko skeleton (D:5)
  3 orc zombies (Ossuary)
  A quokka zombie (D:5)
  12 rats
  A crawling corpse (Vaults:3)
  3 fire vortices (Pan)
3497 creatures vanquished.

Vanquished Creatures (collateral kills)
  A pandemonium lord (Pan)
  A Brimstone Fiend (Pan)
  2 Hell Sentinels (Pan)
  2 Ice Fiends (Pan)
  2 Executioners (Pan)
  A blood saint (Pan)
  A vault warden (Vaults:5)
  A warmonger (Pan)
  A cacodemon (Pan)
  2 balrugs (Pan)
  4 draconian annihilators (Pan)
  A deep elf demonologist (Elf:3)
  2 deep elf annihilators (Pan)
  2 black suns (Pan)
  4 blizzard demons (Pan)
  2 green deaths (Pan)
  2 rakshasas (Pan)
  6 sun demons (Pan)
  2 sixfirhies (Pan)
  6 soul eaters (Pan)
  A glowing orange brain (Pan)
  3 wizards (Pan)
  A torturous demonspawn (Pan)
  2 gelid demonspawn (Pan)
  An orange demon (Pan)
  An ice statue (Pan)
  A smoke demon (Pan)
  2 hellions (Pan)
  3 demonic crawlers (Pan)
  3 hellwings (Pan)
  An ice devil (Pan)
  A red devil (Pan)
  6 large abominations (Pan)
  A hippogriff (shapeshifter) (Vaults:5)
  A ynoxinul (Pan)
  2 chaos spawn (Pan)
  A neqoxec (Pan)
  An earth elemental (Elf:3)
  A centaur skeleton (D:9)
78 creatures vanquished.

Vanquished Creatures (others)
  Margery (Depths:1)
  A deep elf master archer (Elf:3)
  A storm dragon (Vaults:5)
  A tengu reaver (Vaults:3)
  A nagaraja (Snake:3)
  2 stone giants (Vaults:4)
  A deep elf annihilator (Vaults:5)
  2 deep elf death magi
  A deep elf high priest (Elf:3)
  2 yaktaur captains
  A naga warrior (Snake:4)
  A hydra (Swamp:1)
  A deep elf knight (Elf:1)
  A sun demon (Pan)
  An unseen horror (D:14)
  A necromancer (Hell)
  2 deep elf magi (Elf:1)
  An orc sorcerer (Elf:1)
  3 cyclopes
  A salamander (Depths:3)
  4 guardian serpents
  19 yaktaurs
  A guardian mummy (Tomb:1)
  A hellwing (Pan)
  A red devil (Pan)
  A bog body (Swamp:3)
  A hornet (D:14)
  A chaos spawn (Pan)
  A vampire mosquito (Swamp:3)
  A fire elemental (Elf:2)
  4 humans (D:13)
  A naga (Snake:4)
  A warg (Depths:2)
  An ogre (Depths:1)
  2 boggarts
  2 centaurs (Depths:2)
  A crimson imp (Depths:3)
  An orc wizard (D:8)
  4 ball lightnings (Pan)
  3 orcs (D:13)
  A quokka (D:11)
  2 crawling corpses (Elf:3)
  2 demonic plants (Pan)
  13 fungi
  21 plants
116 creatures vanquished.

Grand Total: 3691 creatures vanquished

Notes
Turn   | Place    | Note
-------+----------+-------------------------------------------
     0 | D:1      | ponchio the Gargoyle Fighter began the quest for the Orb.
     0 | D:1      | Reached XP level 1. HP: 14/14 MP: 1/1
    46 | D:1      | Reached XP level 2. HP: 19/19 MP: 2/2
   626 | D:2      | Reached XP level 3. HP: 24/24 MP: 3/3
   701 | D:2      | Found a shattered altar of Ashenzari.
  1721 | D:3      | Reached XP level 4. HP: 19/30 MP: 4/4
  1878 | D:3      | Found a shadowy altar of Dithmenos.
  1878 | D:3      | Found a faded altar of an unknown god.
  1883 | D:3      | Found a faded altar of an unknown god.
  1885 | D:3      | Found a glowing silver altar of Zin.
  1887 | D:3      | Found an ornate altar of the Wu Jian Council.
  1989 | D:3      | Found a white marble altar of Elyvilon.
  2005 | D:3      | Reached skill level 5 in Fighting
  2005 | D:3      | Reached XP level 5. HP: 27/35 MP: 5/5
  2086 | D:3      | Became a worshipper of Elyvilon the Healer
  2157 | D:3      | Found a sacrificial altar of Ru.
  2157 | D:3      | Noticed Jessica
  2189 | D:3      | Killed Jessica
  2443 | D:3      | Found a hide-covered altar of Uskayaw.
  2444 | D:3      | Found a glowing golden altar of the Shining One.
  2706 | D:4      | Reached * piety under Elyvilon
  2752 | D:4      | Reached XP level 6. HP: 39/40 MP: 6/6
  2774 | D:4      | Got a scorched shield
  2820 | D:4      | Reached skill level 1 in Invocations
  2878 | D:3      | Identified the +5 shield "Exeuch" {rF+ rCorr} (You found it on level 4 of the Dungeon)
  2906 | D:4      | Reached skill level 5 in Maces & Flails
  2906 | D:4      | Reached XP level 7. HP: 39/46 MP: 8/8
  3051 | D:4      | Found a sand-covered staircase.
  3060 | Ossuary  | Entered an ossuary
  3434 | D:4      | Noticed Sigmund
  3449 | D:4      | Killed Sigmund
  3461 | D:4      | Noticed Robin
  3480 | D:4      | Killed Robin
  3480 | D:4      | Reached XP level 8. HP: 52/52 MP: 10/10
  3693 | D:4      | Found a blossoming altar of Fedhas.
  4016 | D:4      | Found a shimmering altar of Xom.
  4129 | D:5      | Entered Level 5 of the Dungeon
  4389 | D:5      | Noticed Eustachio
  4406 | D:5      | Killed Eustachio
  4446 | D:5      | Reached ** piety under Elyvilon
  4491 | D:5      | Reached XP level 9. HP: 58/60 MP: 12/12
  4866 | D:5      | Noticed a troll
  4875 | D:5      | Killed a troll
  5109 | D:5      | Found an opulent altar of Gozag.
  5113 | D:5      | Noticed Ijyb
  5135 | D:5      | Killed Ijyb
  5196 | D:5      | Found a runed door.
  5310 | D:5      | Noticed Crazy Yiuf
  5312 | D:5      | Killed Crazy Yiuf
  5392 | D:6      | Found a staircase to the Ecumenical Temple.
  5401 | D:6      | Got an encrusted glaive
  5806 | D:6      | Noticed Dowan
  5807 | D:6      | Noticed Duvessa
  5879 | D:6      | Killed Dowan
  5890 | D:6      | Killed Duvessa
  6032 | Temple   | Entered the Ecumenical Temple
  6057 | Temple   | Reached *** piety under Elyvilon
  6272 | D:7      | Reached skill level 10 in Fighting
  6418 | D:7      | Reached **** piety under Elyvilon
  6849 | D:7      | Noticed Prince Ribbit
  6857 | D:7      | Killed Prince Ribbit
  6857 | D:7      | Reached XP level 10. HP: 68/68 MP: 13/13
  6864 | D:7      | Found a sparkling altar of Nemelex Xobeh.
  7291 | D:8      | Reached skill level 10 in Maces & Flails
  7964 | D:9      | Reached ***** piety under Elyvilon
  8319 | D:9      | Reached skill level 1 in Dodging
  8356 | D:9      | Found a shattered altar of Ashenzari.
  8472 | D:9      | Found an opulent altar of Gozag.
  8673 | D:10     | Entered Level 10 of the Dungeon
  8803 | D:10     | Noticed a two-headed ogre
  8830 | D:10     | Killed a two-headed ogre
  8830 | D:10     | Reached skill level 5 in Dodging
  8837 | D:10     | Reached XP level 11. HP: 63/74 MP: 14/14
  8983 | D:10     | Noticed a two-headed ogre
  8991 | D:10     | Killed a two-headed ogre
  9028 | D:10     | Reached skill level 5 in Invocations
  9066 | D:10     | Found a staircase to the Orcish Mines.
  9205 | D:10     | Reached skill level 5 in Shields
  9388 | D:10     | Found a staircase to the Lair.
  9433 | D:10     | Got a bone trident
  9434 | D:10     | Identified the cursed +3 trident of the Salmon {pierce, *Corrode Str+7} (You found it on level 10 of the Dungeon)
  9518 | Lair:1   | Entered Level 1 of the Lair of Beasts
  9522 | Lair:1   | Noticed a five-headed hydra
  9533 | Lair:1   | Killed a five-headed hydra
  9546 | Lair:1   | Got a heavily runed leather armour
  9576 | D:10     | Identified the +3 leather armour "Ruski" {MR++} (You found it on level 1 of the Lair of Beasts)
  9650 | Lair:1   | Found a basalt altar of Yredelemnul.
  9762 | Lair:1   | Identified the +6 glaive of Anes {flame, rPois MP+9 Dex-2 SInv} (You found it on level 6 of the Dungeon)
 10177 | Lair:2   | Noticed a five-headed hydra
 10277 | Lair:2   | Killed a five-headed hydra
 10356 | Lair:2   | Found a staircase to the Swamp.
 10440 | Lair:2   | Reached XP level 12. HP: 80/80 MP: 16/16
 10551 | Lair:2   | Reached ****** piety under Elyvilon
 11025 | Lair:3   | Noticed Zorot's ghost (journeyman FoFi)
 11026 | Lair:3   | Noticed Harold
 11216 | Lair:3   | Found a frozen archway.
 11226 | IceCv    | Entered an ice cave
 12622 | IceCv    | Found an ancient bone altar of Kikubaaqudgha.
 13761 | IceCv    | Reached skill level 10 in Dodging
 14207 | Lair:3   | Killed Zorot's ghost
 14465 | Lair:3   | Reached XP level 13. HP: 84/84 MP: 17/17
 14816 | Lair:3   | Killed Harold
 16230 | Lair:4   | Found a staircase to the Snake Pit.
 17052 | Lair:5   | Got a crystal long sword
 17179 | Lair:5   | Found a viscous altar of Jiyva.
 17179 | Lair:5   | Found a staircase to the Slime Pits.
 17218 | Lair:5   | Found a labyrinth entrance.
 17227 | Lab      | Entered a labyrinth
 17476 | Lab      | Noticed a minotaur
 17494 | Lab      | Killed a minotaur
 17495 | Lab      | Identified the Tome of the Escort and Curses
 17496 | Lab      | Got a vibrating wooden ring
 17501 | Lab      | Got a dazzling leather armour
 17781 | Lab      | Identified the ring "Tabbibb" {AC+4 Dex+4} (You found it in a labyrinth)
 17796 | Lab      | Identified the +1 leather armour of Pessimism {rN+ Slay-3 SInv} (You found it in a labyrinth)
 17808 | Lab      | Identified the +9 long sword "Ruhil" {flame, +Inv rElec} (You found it on level 5 of the Lair of Beasts)
 18397 | Lair:6   | Entered Level 6 of the Lair of Beasts
 18568 | Lair:6   | Gained mutation: Your large and strong wings let you fly indefinitely. [Gargoyle growth]
 18568 | Lair:6   | Reached XP level 14. HP: 68/92 MP: 20/20
 19996 | Lair:6   | Got a transparent brass amulet
 19998 | Lair:6   | Identified the amulet of Dofomaud {Gourm rElec Int+3} (You found it on level 6 of the Lair of Beasts)
 20434 | Orc:1    | Entered Level 1 of the Orcish Mines
 20493 | Orc:1    | Noticed Gastronok
 20513 | Orc:1    | Killed Gastronok
 20613 | Orc:1    | Found a flagged portal.
 20640 | Orc:1    | Got a fine spear {speed}
 20646 | Orc:1    | Noticed Josephine
 20650 | Bailey   | Entered a bailey
 21253 | Bailey   | Identified the +8 spear "Faebb" {speed, rPois MR- Int-2 Dex+8} (You took it off an orc priest on level 1 of the Orcish Mines)
 21303 | D:10     | Killed Josephine
 21823 | Orc:2    | Entered Level 2 of the Orcish Mines
 21979 | Orc:2    | Reached skill level 10 in Invocations
 22133 | Orc:2    | Found a staircase to the Elven Halls.
 22841 | Orc:2    | Reached XP level 15. HP: 76/100 MP: 22/22
 23036 | Orc:2    | Noticed Erolcha
 23047 | Orc:2    | Killed Erolcha
 23549 | Orc:2    | Found Uruheh's Magic Scroll Shoppe.
 23549 | Orc:2    | Found Ukhoxkey's Assorted Antiques.
 23550 | Orc:2    | Found Lyhef's Assorted Antiques.
 23550 | Orc:2    | Found Roove's Food Shoppe.
 23594 | Orc:2    | Bought a scroll of blinking for 232 gold pieces
 23595 | Orc:2    | Bought a scroll of identify for 22 gold pieces
 23595 | Orc:2    | Bought a scroll of blinking for 82 gold pieces
 23595 | Orc:2    | Bought a scroll of identify for 22 gold pieces
 23595 | Orc:2    | Bought a scroll of magic mapping for 38 gold pieces
 23596 | Orc:2    | Bought a scroll of identify for 46 gold pieces
 23596 | Orc:2    | Bought a scroll of identify for 46 gold pieces
 24185 | D:11     | Found Litiveco's Food Shoppe.
 24338 | D:11     | Noticed Joseph
 24362 | D:11     | Killed Joseph
 25305 | D:12     | Noticed Snorg
 25314 | D:12     | Killed Snorg
 25445 | D:12     | Noticed Nergalle
 25457 | D:12     | Killed Nergalle
 26221 | D:12     | Found an iron altar of Okawaru.
 26556 | D:13     | Noticed Azrael
 26578 | D:13     | Killed Azrael
 26596 | D:13     | Noticed Urug
 26875 | D:13     | Noticed Rupert
 26965 | D:12     | Killed Urug
 27092 | D:12     | Killed Rupert
 27092 | D:12     | Reached XP level 16. HP: 89/107 MP: 24/24
 27448 | D:13     | Found a gate to the Vaults.
 27540 | D:13     | Noticed Kirke
 27546 | D:13     | Noticed Frances
 27554 | D:13     | Killed Kirke
 27555 | D:13     | Found Rawawuezia's Jewellery Emporium.
 27576 | D:13     | Killed Frances
 27970 | D:13     | Reached skill level 15 in Fighting
 28517 | D:14     | Identified Musebb's Guide on Flight
 29026 | D:15     | Entered Level 15 of the Dungeon
 29068 | D:15     | Found Miru's Armour Shoppe.
 29152 | D:15     | Bought the +0 cloak of Coronation {Dex+4} for 258 gold pieces
 29169 | D:15     | Found a shadowy altar of Dithmenos.
 30124 | D:15     | Found a staircase to the Depths.
 30476 | Depths:1 | Entered Level 1 of the Depths
 30483 | Depths:1 | Noticed a storm dragon
 30708 | Snake:1  | Entered Level 1 of the Snake Pit
 31376 | Snake:1  | Identified Yrutt's Incunabulum of Hurtful Moulding
 31540 | Snake:1  | Reached XP level 17. HP: 111/114 MP: 26/26
 31596 | Snake:1  | Noticed Donald
 31622 | Snake:1  | Killed Donald
 31823 | Snake:2  | Noticed Vashnia
 32300 | Snake:2  | Found Wowimoull's Weapon Emporium.
 33507 | Snake:2  | Killed Vashnia
 33693 | Snake:2  | Found Xaymaughet's Antique Weapon Boutique.
 35162 | Snake:3  | Reached skill level 15 in Maces & Flails
 35817 | Snake:3  | Reached skill level 10 in Shields
 36010 | Snake:3  | Found a transporter.
 36531 | Snake:3  | Found a radiant altar of Vehumet.
 36721 | Snake:4  | Entered Level 4 of the Snake Pit
 36878 | Snake:4  | Reached XP level 18. HP: 76/122 MP: 28/28
 38396 | Snake:4  | Found a hazy altar of Hepliaklqana.
 40067 | Snake:4  | Got a serpentine rune of Zot
 40486 | Vaults:1 | Entered Level 1 of the Vaults
 40816 | Vaults:1 | Found a ruined gateway.
 40885 | Vaults:1 | Found Lirew's Gadget Shop.
 40981 | Desolati | Entered the Desolation of Salt
 41061 | Desolati | Found the brooch of Shielding {Reflect SH+8}
 41080 | Desolati | Reached skill level 15 in Dodging
 41100 | Desolati | Got an encrusted ring mail
 41104 | Desolati | Got a smoking emerald amulet
 41440 | Vaults:1 | Identified the amulet "Niblib" {Faith -Tele +Fly Str+2} (You found it in the Desolation of Salt)
 41715 | Vaults:1 | Reached XP level 19. HP: 56/128 MP: 30/30
 42287 | Vaults:1 | Identified the +2 ring mail "Xech" {rElec Dex+2 Stlth-} (You found it in the Desolation of Salt)
 42911 | Vaults:1 | Reached skill level 15 in Invocations
 43895 | Vaults:2 | Reached skill level 5 in Armour
 44573 | Vaults:2 | Noticed Saint Roka
 44974 | Swamp:1  | Entered Level 1 of the Swamp
 45439 | Swamp:1  | Noticed Nikola
 45480 | Swamp:1  | Killed Nikola
 45609 | Swamp:1  | Found a runed door.
 46274 | Swamp:1  | Paralysed by you for 2 turns
 46480 | Swamp:1  | Paralysed by you for 7 turns
 47099 | Swamp:2  | Reached XP level 20. HP: 129/136 MP: 31/31
 47654 | Swamp:3  | Noticed Jorgrun
 47686 | Swamp:3  | Killed Jorgrun
 48447 | Swamp:4  | Entered Level 4 of the Swamp
 49959 | Swamp:4  | Got a decaying rune of Zot
 50427 | Elf:1    | Entered Level 1 of the Elven Halls
 50606 | Elf:1    | Gained mutation: You tend to lose your temper in combat. [a neqoxec]
 50610 | Elf:1    | Gained mutation: You are weak. (Str -2) [a neqoxec]
 53279 | Elf:2    | Found a runed gate.
 53279 | Elf:2    | Found a runed gate.
 53280 | Elf:2    | Found a runed gate.
 53945 | Elf:2    | Reached XP level 21. HP: 99/143 MP: 33/33
 58086 | Depths:1 | Noticed Margery
 58201 | Depths:1 | Killed Margery
 58400 | Depths:1 | Found a gateway to Hell.
 59190 | Depths:1 | Reached XP level 22. HP: 148/151 MP: 34/34
 59264 | Depths:1 | Found a portal to a secret trove of treasure.
 59315 | Depths:2 | Found a corrupted altar of Lugonu.
 60266 | Depths:2 | Got a translucent helmet
 60338 | Depths:1 | Identified the -2 helmet "Qurel" {*Drain rC+++ MP-9 Dex+4} (You found it on level 2 of the Depths)
 60459 | Depths:2 | Found a one-way gate to the infinite horrors of the Abyss.
 61696 | Depths:3 | Paralysed by a floating eye for 2 turns
 62448 | Depths:3 | Noticed a golden dragon
 63356 | Depths:3 | Found Cethrauz's Antique Armour Boutique.
 63362 | Depths:3 | Bought a dull robe for 148 gold pieces
 63362 | Depths:3 | Identified the +1 robe of Bik Taos {rElec Str+4} (You bought it in a shop on level 3 of the Depths)
 63512 | Depths:3 | Found a one-way gate leading to the halls of Pandemonium.
 64533 | Depths:3 | Reached XP level 23. HP: 157/157 MP: 27/36
 64732 | Depths:3 | Identified the Catalogue of the Shifting Traveller
 65156 | Depths:3 | Gained mutation: You do not regenerate when monsters are visible. [mutagenic glow]
 65199 | Depths:3 | Gained mutation: You are clumsy. (Dex -2) [mutagenic glow]
 65421 | Depths:4 | Found Tugya's Magic Scroll Shoppe.
 65452 | Depths:4 | Noticed a juggernaut
 65513 | Depths:4 | Killed a juggernaut
 65803 | Depths:4 | Found Coykhef's General Store.
 65803 | Depths:4 | Found Zisefath's Distillery.
 65808 | Depths:4 | Found Uxejest's Jewellery Emporium.
 65828 | Depths:4 | Bought a scroll of blinking for 82 gold pieces
 65867 | Depths:4 | Found a gateway to a ziggurat.
 66170 | Depths:4 | Noticed a golden dragon
 67400 | Depths:5 | Entered Level 5 of the Depths
 69115 | Depths:5 | Noticed a golden dragon
 69698 | Depths:5 | Found a runed door.
 69705 | Depths:5 | Noticed a juggernaut
 69772 | Depths:4 | Killed a juggernaut
 70210 | Depths:5 | Noticed a golden dragon
 70241 | Depths:4 | Killed a golden dragon
 70371 | Depths:4 | Killed a golden dragon
 70589 | Depths:5 | Found a gate to the Realm of Zot.
 70620 | Depths:5 | Reached XP level 24. HP: 139/166 MP: 27/36
 71117 | Depths:5 | Noticed an ancient lich
 71772 | Depths:5 | Noticed a caustic shrike
 71818 | Depths:4 | Killed a caustic shrike
 72187 | Depths:5 | Killed an ancient lich
 72658 | Vaults:2 | Killed Saint Roka
 72903 | Vaults:2 | Found a staircase to the Crypt.
 73445 | Crypt:1  | Entered Level 1 of the Crypt
 73788 | D:3      | Fell from the grace of Elyvilon
 73788 | D:3      | Became a worshipper of the Shining One
 73788 | D:3      | Reached * piety under the Shining One
 73788 | D:3      | Reached ** piety under the Shining One
 73788 | D:3      | Reached *** piety under the Shining One
 74322 | Crypt:1  | Reached **** piety under the Shining One
 75310 | Crypt:2  | Reached ***** piety under the Shining One
 75924 | Crypt:3  | Entered Level 3 of the Crypt
 75924 | Crypt:3  | Found a staircase to the Tomb.
 75998 | Crypt:3  | Reached ****** piety under the Shining One
 76061 | Crypt:3  | Identified a +9 sacred scourge of holy wrath (a +7 demon whip of draining blessed by the Shining One)
 76061 | Crypt:3  | Received a gift from the Shining One
 76861 | Crypt:3  | Reached XP level 25. HP: 147/173 MP: 28/37
 77304 | Crypt:3  | Got a smoking copper amulet
 77304 | Crypt:3  | Got a heavily runed tin ring
 77410 | Crypt:3  | Identified the amulet of Zeholl {Regen+ Slay+2} (You found it on level 3 of the Crypt)
 77411 | Crypt:3  | Identified the ring of Ajeuscha {+Fly rN+ MR+ Str-4} (You found it on level 3 of the Crypt)
 77603 | Crypt:3  | Got a fine chain mail
 77611 | Crypt:3  | Identified the +2 chain mail of Sloth {Str+3} (You found it on level 3 of the Crypt)
 77669 | Tomb:1   | Entered Level 1 of the Tomb of the Ancients
 80259 | Vaults:3 | Noticed Sojobo
 80290 | Vaults:3 | Killed Sojobo
 80865 | Vaults:3 | Found Xetian's Antique Weapon Emporium.
 81222 | Vaults:4 | Reached XP level 26. HP: 184/184 MP: 28/37
 81459 | Vaults:4 | Found Huoleassi's Armour Boutique.
 82488 | Vaults:4 | Noticed Jory
 82510 | Vaults:4 | Killed Jory
 82970 | Elf:3    | Entered Level 3 of the Elven Halls
 83053 | Elf:3    | Got an ichor-stained hand axe
 83054 | Elf:3    | Identified the +7 hand axe of Instant Death {chop, Str+4} (You found it on level 3 of the Elven Halls)
 84542 | Elf:3    | Got a warped silver ring
 84761 | Elf:3    | Identified Parina Fuir's Compendium of Calling and Transformation
 84792 | Elf:3    | Identified the Compendium of the Supportive Voyage
 84812 | Elf:3    | Identified Atza's Lost Secrets of the Arcane Arts
 84855 | Elf:3    | Identified the ring "Judotec" {Wiz +Inv rPois Str-5 Dex-2} (You took it off a deep elf blademaster on level 3 of the Elven Halls)
 84922 | Elf:3    | Got a shimmering ring mail
 84926 | Elf:3    | Identified the cursed +1 ring mail of Nyrery {*Contam rElec rPois Stlth+} (You took it off a deep elf blademaster on level 3 of the Elven Halls)
 85740 | Depths:2 | Reached XP level 27. HP: 193/193 MP: 29/38
 85867 | Depths:2 | Got an ichor-stained robe
 85868 | Depths:2 | Identified the +2 robe "Coute" {rElec rF+++ Str-5 Int-5} (You took it off a vampire knight on level 2 of the Depths)
 86030 | Depths:2 | Found a bloodstained altar of Trog.
 86144 | Depths:2 | Found Keusei's Slaves and Accessories.
 86194 | Depths:2 | Found The Legendary Rutip's Legendary Smithy.
 86287 | Depths:2 | Found Weseitam's Miraculous Elixirs.
 86336 | Depths:2 | Found Jack's Jerk-a-riffic Jerky.
 87070 | Snake:3  | Found a transporter.
 87077 | Snake:3  | Identified Sif Muna's Disquisition on Damaging Clay
 87151 | Snake:3  | Got a faintly humming cloak
 87255 | Snake:3  | Identified the +1 cloak "Uzxoygeb" {+Inv rPois Int+3} (You found it on level 3 of the Snake Pit)
 87608 | Hell     | Entered the Vestibule of Hell
 87609 | Hell     | Noticed Geryon
 87610 | Hell     | Noticed Murray
 87630 | Hell     | Killed Murray
 88012 | Hell     | Killed Geryon
 88195 | Hell     | Found a gateway to the decaying netherworld of Tartarus.
 88287 | Hell     | Found a gateway to the ashen valley of Gehenna.
 88368 | Hell     | Found a gateway to the freezing wastes of Cocytus.
 88461 | Hell     | Found a gateway to the Iron City of Dis.
 88777 | Vaults:5 | Entered Level 5 of the Vaults
 89374 | Vaults:4 | HP: 6/195 [titan/the air (16)]
 90549 | Pan      | Entered Pandemonium
 91460 | Pan      | Noticed Sumeem the pandemonium lord
 91463 | Pan      | Paralysed by Sumeem for 5 turns
 91484 | Pan      | Killed Sumeem the pandemonium lord
 92365 | Pan      | Noticed Soskafro the pandemonium lord
 92380 | Pan      | Killed Soskafro the pandemonium lord
 92681 | Pan      | Found an ancient bone altar of Kikubaaqudgha.
 93439 | Pan      | Noticed Ujooluta the pandemonium lord
 93450 | Pan      | Killed Ujooluta the pandemonium lord
 93519 | Pan      | Found an exit through the horrors of the Abyss.
 93530 | Pan      | Gained mutation: Scrolls take you a little longer to read. [a cacodemon]
 93552 | Pan      | Identified a scroll of acquirement
 93933 | Pan      | Gained mutation: Armour fits poorly on your strangely shaped body. [a neqoxec]
 94731 | Pan      | Found an exit through the horrors of the Abyss.
 94804 | Pan      | Noticed Umirph the pandemonium lord
 94813 | Pan      | Killed Umirph the pandemonium lord
 94858 | Pan      | Gained mutation: You occasionally shout uncontrollably at your foes. [a cacodemon]
 94875 | Pan      | Gained mutation: You are frail. (-10% HP) [a cacodemon]
 94877 | Pan      | Gained mutation: You are very frail. (-20% HP) [a cacodemon]
 95410 | Pan      | Reached skill level 27 in Invocations
 95692 | Pan      | Got a demonic rune of Zot
 96326 | Pan      | Noticed Bosikhliwywn the pandemonium lord
 97190 | Pan      | Gained mutation: You expend magic power (3 MP) to strengthen your wands. [a neqoxec]
 97443 | Pan      | Killed Bosikhliwywn the pandemonium lord
 97719 | Pan      | Entered the realm of Lom Lobon.
 98524 | Pan      | Reached skill level 27 in Fighting
 98530 | Pan      | Noticed Lom Lobon
 98549 | Pan      | Killed Lom Lobon
 98852 | Pan      | Got a magical rune of Zot
 99612 | Pan      | Reached skill level 15 in Shields
100318 | Pan      | Noticed Kiagru the pandemonium lord
100350 | Pan      | Killed Kiagru the pandemonium lord
101005 | Pan      | Got an ichor-stained leather armour
101014 | Pan      | Gained mutation: You are occasionally teleported next to monsters. [a cacodemon]
101122 | Pan      | Gained mutation: Your body sometimes deteriorates upon taking damage. [a neqoxec]
101175 | Pan      | Noticed Soukkixo the pandemonium lord
101203 | Pan      | Killed Soukkixo the pandemonium lord
101363 | Pan      | Gained mutation: You often lose your temper in combat. [a neqoxec]
101429 | Pan      | Found an exit through the horrors of the Abyss.
101798 | Pan      | Identified the +4 leather armour "Ezxi" {Dex+4} (You found it in Pandemonium)
101872 | Pan      | Noticed Pimopn the pandemonium lord
101900 | Pan      | Killed Pimopn the pandemonium lord
101963 | Pan      | Found an exit through the horrors of the Abyss.
102002 | Pan      | Gained mutation: You are very clumsy. (Dex -4) [a cacodemon]
102682 | Pan      | Found an exit through the horrors of the Abyss.
103042 | Pan      | Noticed Muopp the pandemonium lord
103076 | Pan      | Killed Muopp the pandemonium lord
103110 | Pan      | Gained mutation: Your body often deteriorates upon taking damage. [a cacodemon]
103116 | Pan      | Gained mutation: You are extremely frail. (-30% HP) [a cacodemon]
103544 | Pan      | Got an encrusted trident
103547 | Pan      | Identified the +7 trident of Kotaehiu {pierce, rC+} (You found it in Pandemonium)
104500 | Pan      | Entered the realm of Gloorx Vloq.
104758 | Pan      | Noticed Gloorx Vloq
104776 | Pan      | Killed Gloorx Vloq
104953 | Pan      | Got a dark rune of Zot
105253 | Pan      | Found a runed door.
105267 | Pan      | Found a runed door.
105396 | Pan      | Found a runed door.
105406 | Pan      | Gained mutation: Your spells are easier to cast, but less powerful. [a neqoxec]
105669 | Pan      | Found a runed door.
105724 | Pan      | Reached skill level 10 in Armour
106053 | Pan      | Noticed Parchemaj the pandemonium lord
106066 | Pan      | Killed Parchemaj the pandemonium lord
106102 | Pan      | Entered the realm of Mnoleg.
106103 | Pan      | Gained mutation: Scrolls take you longer to read. [a neqoxec]
106169 | Pan      | Gained mutation: Your magical capacity is low. (-10% MP) [a neqoxec]
106249 | Pan      | Gained mutation: Your spells are easier to cast, but less powerful. [a neqoxec]
106296 | Pan      | Gained mutation: Your spells are much easier to cast, but much less powerful. [a neqoxec]
106304 | Pan      | Noticed Mnoleg
106325 | Pan      | Gained mutation: Scrolls take you much longer to read. [a neqoxec]
106350 | Pan      | Killed Mnoleg
106363 | Pan      | Gained mutation: Potions are less effective at restoring your health. [a neqoxec]
106365 | Pan      | Gained mutation: Your magical capacity is very low. (-20% MP) [a neqoxec]
106367 | Pan      | Gained mutation: You have an uncontrollable temper. [a neqoxec]
106370 | Pan      | Gained mutation: Your magical capacity is extremely low. (-30% MP) [a cacodemon]
106415 | Pan      | Lost intelligence.
106605 | Pan      | Got a glowing rune of Zot
106648 | Pan      | Lost intelligence.
106648 | Pan      | Gained mutation: You are dopey. (Int -2) [a cacodemon]
106648 | Pan      | Gained mutation: You are very weak. (Str -4) [a cacodemon]
106655 | Pan      | Gained mutation: You sometimes yell uncontrollably at your foes. [a cacodemon]
106660 | Pan      | Gained mutation: You are very dopey. (Int -4) [a cacodemon]
106690 | Pan      | Got a translucent scale mail
106695 | Pan      | Identified the +2 scale mail "Baaseher" {rElec rC- Dex+3 Slay+2} (You found it in Pandemonium)
106737 | Pan      | Gained mutation: Potions are poor at restoring your health. [a neqoxec]
106790 | Pan      | Lost intelligence.
106873 | Pan      | Found an exit through the horrors of the Abyss.
107052 | Pan      | Gained mutation: You are sometimes teleported next to monsters. [a cacodemon]
107057 | Pan      | Gained mutation: Potions cannot restore your health. [a cacodemon]
107074 | Pan      | Gained mutation: You frequently scream uncontrollably at your foes. [a cacodemon]
107119 | Pan      | Lost intelligence.
107189 | Pan      | Lost intelligence.
107278 | Pan      | Gained mutation: You are often teleported next to monsters. [a neqoxec]
107347 | Pan      | Reached skill level 15 in Armour
107476 | Pan      | Found an exit through the horrors of the Abyss.
108075 | Pan      | Lost intelligence.
108411 | Pan      | Entered the realm of Cerebov.
108478 | Pan      | Got a dull robe
108488 | Pan      | Identified the +0 robe "Dugat" {MR+ MP+9 Str+2 Dex-4} (You found it in Pandemonium)
108632 | Pan      | Lost intelligence.
108678 | Pan      | Noticed Cerebov
108706 | Pan      | HP: 1/139 [balrug/divine providence (12)]
108708 | Pan      | Killed from afar by Cerebov

Skill      XL: |  1  2  3  4  5  6  7  8  9 10 11 12 13 14 15 16 17 18 19 20 21 22 23 24 25 26 27 |
---------------+----------------------------------------------------------------------------------+-----
Fighting       | 4 5 6 8 10 11 12 13 14 15 16 17 18 19 20 21 22 23 25 27 | 27.0
Maces & Flails | 3 4 5 7 9 10 11 12 13 14 15 16 17 18 19 20 21 22 | 22.5
Invocations    | 2 3 4 6 8 10 11 12 13 14 15 16 17 18 19 20 21 22 27 | 27.0
Dodging        | 5 7 10 11 12 13 14 15 16 17 18 19 23 | 23.3
Shields        | 7 8 9 10 11 12 13 16 | 16.0
Armour         | 5 7 8 17 | 17.4

Action                   |  1- 3 |  4- 6 |  7- 9 | 10-12 | 13-15 | 16-18 | 19-21 | 22-24 | 25-27 || total
-------------------------+-------+-------+-------+-------+-------+-------+-------+-------+-------++-------
Melee: Flail             |   152 |   130 |   437 |   956 |  2366 |  2954 |  3638 |  3065 |       || 13698
       Sacred scourge    |       |       |       |       |       |       |       |   240 |  5649 ||  5889
Invok: Greater Healing   |       |       |       |     3 |     6 |    26 |    12 |     4 |       ||    51
       Purification      |       |       |       |       |     2 |       |       |     1 |       ||     3
       Brand Weapon With |       |       |       |       |       |       |       |     1 |       ||     1
       Cleansing Flame   |       |       |       |       |       |       |       |       |    47 ||    47
       Summon Divine War |       |       |       |       |       |       |       |       |    39 ||    39
       Divine Shield     |       |       |       |       |       |       |       |       |     1 ||     1
 Abil: Fly               |       |       |       |       |     1 |       |       |     2 |     1 ||     4
       Stop Flying       |       |       |       |       |       |       |       |     2 |     1 ||     3
Evoke: Wand              |       |       |       |     3 |       |     2 |       |       |       ||     5
  Use: Scroll            |       |    11 |     6 |    10 |     9 |     6 |     9 |    14 |    27 ||    92
       Potion            |       |     1 |       |     9 |     2 |       |     8 |     1 |    36 ||    57
 Stab: Paralysed         |       |     1 |       |       |       |       |       |       |       ||     1
       Distracted        |       |       |       |       |     2 |     1 |     4 |     1 |       ||     8
       Sleeping          |       |       |       |       |     2 |     5 |     2 |     2 |       ||    11
       Invisible         |       |       |       |       |       |       |     1 |    11 |       ||    12
       Confused          |       |       |       |       |       |       |     4 |     1 |       ||     5
  Eat: Chunk             |     3 |     4 |    13 |    14 |    35 |    13 |    34 |    32 |    25 ||   173
       Ration            |       |       |       |     4 |     4 |    14 |     9 |    10 |    28 ||    69
Armor: Scale mail        |    60 |       |       |       |       |       |       |       |       ||    60
       Ring mail         |    35 |    44 |   145 |   276 |   421 |       |       |       |       ||   921
       Leather armour    |       |       |       |    94 |   303 |   749 |   678 |   504 |   179 ||  2507
       Robe              |       |       |       |       |       |       |       |       |   521 ||   521
Dodge: Dodged            |    66 |    39 |   139 |   373 |  1343 |  1895 |  1521 |  1584 |  2627 ||  9587
Block: Shield            |    81 |    56 |   312 |   788 |  2283 |  2762 |  3614 |  3350 |  5550 || 18796
       Reflection        |       |       |       |       |       |       |    90 |    84 |   216 ||   390
